[Event "Sheikh Russel GM 2021"]
[Site "Dhaka"]
[Date "2021.10.21"]
[Round "3.3"]
[White "Malakhatko, Vadim"]
[Black "Iskandarov, Misratdin"]
[Result "1/2-1/2"]
[ECO "E97"]
[WhiteElo "2444"]
[BlackElo "2552"]
[Annotator "ChessBase"]
[PlyCount "77"]
[EventDate "2021.10.19"]
[EventType "swiss"]
[EventCountry "BAN"]
[SourceTitle "playchess.com"]
[Source "ChessBase"]
[SourceQuality "1"]
[TimeControl "40/5400+30:1800+30"]

1. d4 d6 2. Nf3 g6 3. c4 Bg7 4. Nc3 Nf6 5. e4 O-O 6. Be2 e5 7. O-O Nc6 8. d5 Ne7 9. a4 a5 10. Ne1 Nd7 11. Nd3 f5 12. f3 Kh8 13. Nb5 Nf6 14. Nf2 Bd7 15. Ra3 Bxb5 16. cxb5 c6 17. dxc6 bxc6 18. Be3 cxb5 19. axb5 d5 20. Bc5 Qc7 21. Rc3 fxe4 22. fxe4 Rad8 23. Qa4 Qb7 24. Qxa5 dxe4 25. Qa6 Qd7 26. Bc4 e3 27. Rxe3 Qc7 28. Qa7 Qxa7 29. Bxa7 Nf5 30. Ree1 e4 31. Bc5 Rfe8 32. Nd1 Rc8 33. b4 Nd7 34. Bf7 Re5 35. Bf2 Rxb5 36. Be6 Rd8 37. Rxe4 Nf6 38. Rc4 Nd6 39. Rc6 1/2-1/2

[Event "Sheikh Russel GM 2021"]
[Site "Dhaka"]
[Date "2021.10.21"]
[Round "3.11"]
[White "Koustav Chatterjee"]
[Black "Visakh N R"]
[Result "1-0"]
[ECO "B51"]
[WhiteElo "2431"]
[BlackElo "2515"]
[Annotator "ChessBase"]
[PlyCount "87"]
[EventDate "2021.10.19"]
[EventType "swiss"]
[EventCountry "BAN"]
[SourceTitle "playchess.com"]
[Source "ChessBase"]
[SourceQuality "1"]
[TimeControl "40/5400+30:1800+30"]

1. e4 c5 2. Nf3 d6 3. Bb5+ Nd7 4. a4 Ngf6 5. Nc3 g6 6. a5 Bg7 7. O-O a6 8. Be2 e5 9. d3 O-O 10. Nd2 b5 11. axb6 Nxb6 12. Nc4 Be6 13. Bg5 h6 14. Be3 Kh7 15. Qd2 Nxc4 16. dxc4 Ng4 17. Bxg4 Bxg4 18. f3 Be6 19. Rfd1 Qb8 20. Qxd6 Qxb2 21. Qd2 Qb7 22. Rdb1 Qc6 23. Nd5 Rfb8 24. Qa5 Bf8 25. Kf2 Rb7 26. Rxb7 Qxb7 27. Nc7 Rb8 28. Nxe6 fxe6 29. Bxc5 Bxc5+ 30. Qxc5 Rc8 31. Qxe5 Rxc4 32. Ra2 Qc8 33. Kg3 Rc5 34. Qd6 a5 35. h4 Rb5 36. Qe7+ Kg8 37. Qf6 Qc7+ 38. Kh3 Kh7 39. Qxe6 Rb1 40. e5 Rh1+ 41. Kg3 Qc3 42. Qd7+ Kh8 43. Qd8+ Kh7 44. Qxa5 1-0

[Event "Sheikh Russel GM 2021"]
[Site "Dhaka"]
[Date "2021.10.21"]
[Round "3.12"]
[White "Mousavi, Seyed Khalil"]
[Black "Shahil Dey"]
[Result "1-0"]
[ECO "B82"]
[WhiteElo "2510"]
[BlackElo "2398"]
[Annotator "ChessBase"]
[PlyCount "63"]
[EventDate "2021.10.19"]
[EventType "swiss"]
[EventCountry "BAN"]
[SourceTitle "playchess.com"]
[Source "ChessBase"]
[SourceQuality "1"]
[TimeControl "40/5400+30:1800+30"]

1. e4 c5 2. Nf3 e6 3. d4 cxd4 4. Nxd4 a6 5. Nc3 Qc7 6. Bd3 Nf6 7. f4 d6 8. Qf3 Nc6 9. Be3 Be7 10. O-O-O Bd7 11. h3 O-O-O 12. Qf2 Rde8 13. g4 h6 14. Kb1 g5 15. fxg5 hxg5 16. Nf3 Nh7 17. Na4 Kb8 18. Nb6 Bf6 19. Rhe1 Bc8 20. Bf1 Ne5 21. Nxe5 Bxe5 22. Nc4 Ka8 23. a4 f6 24. Nb6+ Kb8 25. Rd3 Bd7 26. Rb3 Bc6 27. Bxa6 d5 28. Bc5 Nf8 29. a5 Rh7 30. exd5 exd5 31. Bd3 Rhe7 32. a6 1-0

[Event "Sheikh Russel GM 2021"]
[Site "Dhaka"]
[Date "2021.10.21"]
[Round "3.13"]
[White "Murshed, Niaz"]
[Black "Debashis, Das"]
[Result "0-1"]
[ECO "A38"]
[WhiteElo "2410"]
[BlackElo "2501"]
[Annotator "ChessBase"]
[PlyCount "76"]
[EventDate "2021.10.19"]
[EventType "swiss"]
[EventCountry "BAN"]
[SourceTitle "playchess.com"]
[Source "ChessBase"]
[SourceQuality "1"]
[TimeControl "40/5400+30:1800+30"]

1. Nf3 c5 2. c4 Nc6 3. g3 g6 4. Bg2 Bg7 5. Nc3 d6 6. O-O Rb8 7. d3 Nf6 8. Rb1 O-O 9. a3 a6 10. b4 cxb4 11. axb4 b5 12. cxb5 axb5 13. Ne1 Bd7 14. Nc2 Qc8 15. Nd5 Nxd5 16. Bxd5 Bh3 17. Re1 Be6 18. Bxe6 fxe6 19. Bb2 e5 20. d4 Qh3 21. f3 Rf5 22. e4 Rh5 23. Re2 Rf8 24. d5 Nd8 25. Rg2 Nf7 26. Bc1 Bh6 27. Qe2 Bxc1 28. Rxc1 Qc8 29. h4 Kh8 30. Rf1 Qd7 31. Ne3 Rc8 32. Qd2 Qa7 33. Kh2 Qa3 34. Re2 Rc3 35. Kg2 Rd3 36. Qc1 Qxb4 37. Qc8+ Kg7 38. Rc1 Rxe3 0-1

[Event "Sheikh Russel GM 2021"]
[Site "Dhaka"]
[Date "2021.10.21"]
[Round "3.14"]
[White "Hossain, Enamul"]
[Black "Mitrabha, Guha"]
[Result "0-1"]
[ECO "A67"]
[WhiteElo "2396"]
[BlackElo "2479"]
[Annotator "ChessBase"]
[PlyCount "70"]
[EventDate "2021.10.19"]
[EventType "swiss"]
[EventCountry "BAN"]
[SourceTitle "playchess.com"]
[Source "ChessBase"]
[SourceQuality "1"]
[TimeControl "40/5400+30:1800+30"]

1. d4 Nf6 2. c4 c5 3. d5 e6 4. Nc3 exd5 5. cxd5 d6 6. e4 g6 7. f4 Bg7 8. Bb5+ Nfd7 9. a4 O-O 10. Nf3 a6 11. Bd3 Qc7 12. O-O Re8 13. Kh1 c4 14. Bc2 Nc5 15. f5 Nbd7 16. Bg5 Rb8 17. Qd2 b5 18. axb5 axb5 19. Nd4 b4 20. Ncb5 Qb6 21. f6 Bh8 22. Qxb4 h6 23. Bxh6 Nxf6 24. Qd2 Bd7 25. Nc3 Ncxe4 26. Bxe4 Nxe4 27. Qf4 f5 28. Ne6 Bxe6 29. dxe6 Rxe6 30. Nxe4 Rxe4 31. Qg3 Rg4 32. Qf3 Qb7 33. Qe2 Qxb2 34. Qe6+ Kh7 35. Rg1 Kxh6 0-1

[Event "Sheikh Russel GM 2021"]
[Site "Dhaka"]
[Date "2021.10.21"]
[Round "3.15"]
[White "Savchenko, Stanislav"]
[Black "Laxman, R.R."]
[Result "0-1"]
[ECO "A17"]
[WhiteElo "2473"]
[BlackElo "2411"]
[Annotator "ChessBase"]
[PlyCount "100"]
[EventDate "2021.10.19"]
[EventType "swiss"]
[EventCountry "BAN"]
[SourceTitle "playchess.com"]
[Source "ChessBase"]
[SourceQuality "1"]
[TimeControl "40/5400+30:1800+30"]

1. Nf3 Nf6 2. c4 e6 3. Nc3 Bb4 4. g3 O-O 5. Bg2 d5 6. a3 Bxc3 7. dxc3 c6 8. O-O Nbd7 9. cxd5 exd5 10. Qc2 Re8 11. Bf4 Ne4 12. Rad1 Ndf6 13. Nd4 Qe7 14. c4 dxc4 15. Qxc4 Nd5 16. Bc1 Bd7 17. Qc2 Rac8 18. f3 Nef6 19. e4 c5 20. Ne2 Nc7 21. Rfe1 Nb5 22. Bg5 Bc6 23. a4 Nc7 24. Nc3 h6 25. Be3 Rcd8 26. Rxd8 Rxd8 27. Rd1 Ne6 28. Rxd8+ Qxd8 29. Qd2 Qxd2 30. Bxd2 Nd4 31. Kf2 Nd7 32. Bf1 Ne5 33. Be2 f5 34. exf5 Nxe2 35. Kxe2 Bxf3+ 36. Ke3 Bc6 37. b3 Nf3 38. h3 Nd4 39. Nb5 Bxb5 40. axb5 Nxb5 41. Kd3 Nd4 42. b4 Nf3 43. bxc5 Nxd2 44. Kxd2 Kf7 45. Kd3 Kf6 46. g4 Kg5 47. Kc4 Kh4 48. Kd5 a5 49. Kc4 Kxh3 50. Kb5 a4 0-1

[Event "Sheikh Russel GM 2021"]
[Site "Dhaka"]
[Date "2021.10.21"]
[Round "3.16"]
[White "Srijit Paul"]
[Black "Rios, Cristhian Camilo"]
[Result "1/2-1/2"]
[ECO "B33"]
[WhiteElo "2332"]
[BlackElo "2457"]
[Annotator "ChessBase"]
[PlyCount "61"]
[EventDate "2021.10.19"]
[EventType "swiss"]
[EventCountry "BAN"]
[SourceTitle "playchess.com"]
[Source "ChessBase"]
[SourceQuality "1"]
[TimeControl "40/5400+30:1800+30"]

1. e4 c5 2. Nf3 Nc6 3. d4 cxd4 4. Nxd4 Nf6 5. Nc3 e5 6. Ndb5 d6 7. Bg5 a6 8. Na3 b5 9. Nd5 Be7 10. Bxf6 Bxf6 11. c4 b4 12. Nc2 O-O 13. h4 a5 14. g3 Be6 15. Bh3 a4 16. Kf1 b3 17. Nce3 Nd4 18. Kg2 Rb8 19. axb3 Rxb3 20. Qd2 Qb8 21. Nxf6+ gxf6 22. Ra2 Qb7 23. Nd5 Bxd5 24. cxd5 Rb8 25. Qh6 Rxb2 26. Rxb2 Qxb2 27. Re1 Qc3 28. Re3 Qc1 29. Qxf6 Rb1 30. Qg5+ Kf8 31. Qd8+ 1/2-1/2

[Event "Sheikh Russel GM 2021"]
[Site "Dhaka"]
[Date "2021.10.21"]
[Round "3.17"]
[White "Aditya Mittal"]
[Black "Mohammad Fahad, Rahman"]
[Result "1/2-1/2"]
[ECO "D37"]
[WhiteElo "2447"]
[BlackElo "2330"]
[Annotator "ChessBase"]
[PlyCount "81"]
[EventDate "2021.10.19"]
[EventType "swiss"]
[EventCountry "BAN"]
[SourceTitle "playchess.com"]
[Source "ChessBase"]
[SourceQuality "1"]
[TimeControl "40/5400+30:1800+30"]

1. d4 d5 2. c4 e6 3. Nc3 a6 4. cxd5 exd5 5. Nf3 Nf6 6. Bg5 Be6 7. e3 Nbd7 8. Bd3 Bd6 9. O-O c6 10. Bf4 Qc7 11. Qd2 h6 12. b4 O-O 13. h3 Nh5 14. Bxd6 Qxd6 15. Ne2 Nhf6 16. Ng3 Rfe8 17. Qb2 b5 18. a4 Nb6 19. a5 Nc4 20. Qc3 Nxe3 21. Rfe1 Nc4 22. Re2 Qf4 23. Rae1 Rac8 24. Ne5 h5 25. Nf1 h4 26. Nd2 Bf5 27. Nb3 Nxe5 28. Bxf5 Qxf5 29. Rxe5 Rxe5 30. Rxe5 Ne4 31. Qe3 Qg6 32. Qf4 f6 33. Re7 Re8 34. Rxe8+ Qxe8 35. Qxh4 Qe7 36. Qh5 Qxb4 37. Qe8+ Kh7 38. Qh5+ Kg8 39. Qe8+ Kh7 40. Qh5+ Kg8 41. Qe8+ 1/2-1/2

[Event "Sheikh Russel GM 2021"]
[Site "Dhaka"]
[Date "2021.10.21"]
[Round "3.18"]
[White "Sumets, Andrey"]
[Black "Abdyjapar, Asyl"]
[Result "1-0"]
[ECO "E97"]
[WhiteElo "2497"]
[BlackElo "2391"]
[Annotator "ChessBase"]
[PlyCount "81"]
[EventDate "2021.10.19"]
[EventType "swiss"]
[EventCountry "BAN"]
[SourceTitle "playchess.com"]
[Source "ChessBase"]
[SourceQuality "1"]
[TimeControl "40/5400+30:1800+30"]

1. d4 Nf6 2. c4 g6 3. Nc3 Bg7 4. e4 d6 5. Nf3 O-O 6. Be2 e5 7. O-O Nc6 8. d5 Ne7 9. Qc2 Nh5 10. h3 Nf4 11. Bxf4 exf4 12. Qd2 g5 13. Nxg5 Ng6 14. Nf3 a6 15. Rac1 Kh8 16. Kh1 Be5 17. Rg1 Rg8 18. c5 Nh4 19. Nxe5 dxe5 20. Qd3 Qg5 21. Rcd1 Qh6 22. d6 Be6 23. dxc7 Nxg2 24. Qf3 Nh4 25. Qh5 Rxg1+ 26. Kxg1 Rg8+ 27. Kh1 Qf6 28. Nd5 Qg7 29. Bg4 Ng6 30. Nb6 f3 31. Rd8 Ne7 32. Rxg8+ Kxg8 33. Qh4 Kf8 34. c8=Q+ Bxc8 35. Nxc8 Nc6 36. Bxf3 Qg6 37. Nd6 b6 38. Qg4 Qf6 39. Qc8+ Nd8 40. Nf5 bxc5 41. Qxc5+ 1-0

[Event "Sheikh Russel GM 2021"]
[Site "Dhaka"]
[Date "2021.10.21"]
[Round "3.19"]
[White "Sadikhov, Ulvi"]
[Black "Mohammad Minhaz Uddin"]
[Result "0-1"]
[ECO "A28"]
[WhiteElo "2517"]
[BlackElo "2264"]
[Annotator "ChessBase"]
[PlyCount "70"]
[EventDate "2021.10.19"]
[EventType "swiss"]
[EventCountry "BAN"]
[SourceTitle "playchess.com"]
[Source "ChessBase"]
[SourceQuality "1"]
[TimeControl "40/5400+30:1800+30"]

1. c4 e5 2. Nc3 Nf6 3. Nf3 Nc6 4. e3 Be7 5. Be2 O-O 6. O-O d5 7. cxd5 Nxd5 8. d3 Be6 9. a3 Kh8 10. Qc2 f5 11. Na4 Bd6 12. Nc5 Bc8 13. b4 Qe7 14. Nb3 a5 15. b5 Nb8 16. Bb2 b6 17. d4 e4 18. Ne5 Bb7 19. Nd2 Nd7 20. Ndc4 Nxe5 21. dxe5 Bc5 22. Nd2 Qg5 23. Nc4 f4 24. Qxe4 fxe3 25. Bd3 exf2+ 26. Kh1 Qh5 27. Be2 Nf4 28. Bxh5 Bxe4 29. Bf3 Bxf3 30. gxf3 Nd3 31. Bc3 Rxf3 32. Rad1 Nf4 33. Bb2 Ne6 34. Rd7 Rf4 35. Nd2 Rg4 0-1

[Event "Sheikh Russel GM 2021"]
[Site "Dhaka"]
[Date "2021.10.21"]
[Round "3.20"]
[White "Abu Sufian, Shakil"]
[Black "Pranav Vijay"]
[Result "0-1"]
[ECO "C78"]
[WhiteElo "2247"]
[BlackElo "2265"]
[Annotator "ChessBase"]
[PlyCount "80"]
[EventDate "2021.10.19"]
[EventType "swiss"]
[EventCountry "BAN"]
[SourceTitle "playchess.com"]
[Source "ChessBase"]
[SourceQuality "1"]
[TimeControl "40/5400+30:1800+30"]

1. e4 e5 2. Nf3 Nc6 3. Bb5 a6 4. Ba4 Nf6 5. O-O b5 6. Bb3 Bc5 7. a4 Rb8 8. c3 d6 9. d4 Bb6 10. a5 Ba7 11. h3 O-O 12. Be3 Ra8 13. Re1 h6 14. Nbd2 exd4 15. cxd4 Nb4 16. e5 Nfd5 17. Ne4 Bf5 18. Bd2 dxe5 19. Nxe5 Bxd4 20. Bxb4 Nxb4 21. Nxf7 Rxf7 22. Bxf7+ Kxf7 23. Qb3+ Qd5 24. Qxd5+ Nxd5 25. Rad1 Bxe4 26. Rxd4 Nf6 27. Rdxe4 Nxe4 28. Rxe4 Rd8 29. Kf1 Rd2 30. Re2 Rd1+ 31. Re1 Rxe1+ 32. Kxe1 Ke6 33. Ke2 Kd5 34. Kd3 c5 35. b3 g5 36. g3 Ke5 37. Ke3 h5 38. Kd3 g4 39. hxg4 hxg4 40. Ke3 b4 0-1

[Event "Sheikh Russel GM 2021"]
[Site "Dhaka"]
[Date "2021.10.21"]
[Round "3.21"]
[White "Vignesh N R"]
[Black "Arpita, Mukherjee"]
[Result "1/2-1/2"]
[ECO "B96"]
[WhiteElo "2453"]
[BlackElo "2229"]
[Annotator "ChessBase"]
[PlyCount "97"]
[EventDate "2021.10.19"]
[EventType "swiss"]
[EventCountry "BAN"]
[SourceTitle "playchess.com"]
[Source "ChessBase"]
[SourceQuality "1"]
[TimeControl "40/5400+30:1800+30"]

1. e4 c5 2. Nf3 d6 3. d4 cxd4 4. Nxd4 Nf6 5. Nc3 a6 6. Bg5 e6 7. f4 h6 8. Bh4 Qb6 9. a3 Be7 10. Bf2 Qc7 11. Qf3 b5 12. O-O-O Bb7 13. g4 Nbd7 14. h4 Nc5 15. Bd3 h5 16. g5 Ng4 17. Rhg1 Nxf2 18. Qxf2 O-O-O 19. Rg3 Qb6 20. b4 Nxd3+ 21. Rgxd3 Kb8 22. Qd2 Rc8 23. f5 d5 24. exd5 exd5 25. Nb3 Rhd8 26. Nxd5 Bxd5 27. Rxd5 Rxd5 28. Qxd5 Qe3+ 29. Kb1 Rd8 30. Qh1 Rxd1+ 31. Qxd1 Kc7 32. Qd5 Qe1+ 33. Kb2 Qxh4 34. Nc5 Bxc5 35. bxc5 Qxg5 36. Qd6+ Kc8 37. Qxa6+ Kc7 38. Qd6+ Kc8 39. Qf8+ Kc7 40. Qxf7+ Kc6 41. Qa7 Qf6+ 42. c3 Qd8 43. Kc2 Qc7 44. Qa8+ Kxc5 45. Qe8 Qh2+ 46. Kb3 Qh1 47. Qe3+ Kc6 48. Qe6+ Kc5 49. Qe7+ 1/2-1/2

[Event "Sheikh Russel GM 2021"]
[Site "Dhaka"]
[Date "2021.10.21"]
[Round "3.22"]
[White "Mohammad Nubairshah Shaikh"]
[Black "Chatterjee, Debaraj"]
[Result "1/2-1/2"]
[ECO "E60"]
[WhiteElo "2440"]
[BlackElo "2226"]
[Annotator "ChessBase"]
[PlyCount "104"]
[EventDate "2021.10.19"]
[EventType "swiss"]
[EventCountry "BAN"]
[SourceTitle "playchess.com"]
[Source "ChessBase"]
[SourceQuality "1"]
[TimeControl "40/5400+30:1800+30"]

1. c4 Nf6 2. Nf3 g6 3. b3 Bg7 4. Bb2 O-O 5. g3 d6 6. d4 Nbd7 7. Bg2 c6 8. O-O Re8 9. Re1 e5 10. dxe5 dxe5 11. Nfd2 e4 12. Nf1 Qa5 13. Nbd2 Qh5 14. e3 Qf5 15. f3 exf3 16. Nxf3 Nc5 17. Nd4 Qg5 18. Qc2 Nce4 19. Nd2 Nxd2 20. Qxd2 Ne4 21. Qc2 Qe7 22. Ne2 Bxb2 23. Qxb2 Bg4 24. Nd4 Rad8 25. b4 h5 26. Qc2 h4 27. gxh4 Bh5 28. Bxe4 Qxe4 29. Qf2 Kg7 30. Rac1 Rd6 31. Qg3 Rf6 32. Rc2 Qd3 33. Rf2 Rxf2 34. Qxf2 Re4 35. h3 Qxc4 36. Rf1 Qd5 37. a3 f5 38. Qg3 Kf7 39. Qg5 Re5 40. Qh6 Kg8 41. Qg5 Qe4 42. Kf2 Rd5 43. Kg3 Re5 44. Re1 Re8 45. Qf6 Re7 46. Qd6 Kf7 47. Qf4 Qd3 48. Kf2 Qd2+ 49. Kf1 Qd3+ 50. Kf2 Qd2+ 51. Kf1 Qc3 52. Kf2 Qd2+ 1/2-1/2

[Event "Sheikh Russel GM 2021"]
[Site "Dhaka"]
[Date "2021.10.21"]
[Round "3.23"]
[White "Ahmed, Sheikh Nasir"]
[Black "Haznedaroglu, Kivanc"]
[Result "0-1"]
[ECO "A25"]
[WhiteElo "2228"]
[BlackElo "2438"]
[Annotator "ChessBase"]
[PlyCount "50"]
[EventDate "2021.10.19"]
[EventType "swiss"]
[EventCountry "BAN"]
[SourceTitle "playchess.com"]
[Source "ChessBase"]
[SourceQuality "1"]
[TimeControl "40/5400+30:1800+30"]

1. c4 e5 2. g3 Nc6 3. Bg2 Bc5 4. Nc3 d6 5. e3 a6 6. Nge2 h5 7. d4 Ba7 8. h4 Bg4 9. Qd2 exd4 10. exd4 Nge7 11. b3 O-O 12. Bb2 Re8 13. O-O-O b5 14. cxb5 axb5 15. Nxb5 Bb6 16. Nbc3 Ba5 17. Rde1 Bb4 18. f3 Bf5 19. g4 Bh7 20. a4 Na5 21. Qd1 Rb8 22. Kd2 Nd5 23. Nc1 Qf6 24. Re4 Bxe4 25. fxe4 Qxd4+ 0-1

[Event "Sheikh Russel GM 2021"]
[Site "Dhaka"]
[Date "2021.10.21"]
[Round "3.24"]
[White "Mirzoev, Azer"]
[Black "Zia, Tahsin Tajwar"]
[Result "1/2-1/2"]
[ECO "D31"]
[WhiteElo "2438"]
[BlackElo "2212"]
[Annotator "ChessBase"]
[PlyCount "86"]
[EventDate "2021.10.19"]
[EventType "swiss"]
[EventCountry "BAN"]
[SourceTitle "playchess.com"]
[Source "ChessBase"]
[SourceQuality "1"]
[TimeControl "40/5400+30:1800+30"]

1. d4 d5 2. c4 e6 3. Nc3 a6 4. cxd5 exd5 5. Nf3 c6 6. Qb3 Nf6 7. Bg5 h6 8. Bh4 Be7 9. e3 O-O 10. Bd3 Re8 11. O-O-O a5 12. Qc2 Na6 13. a3 b5 14. Ne5 Bb7 15. Ne2 a4 16. Kb1 b4 17. Nxc6 Bxc6 18. Qxc6 bxa3 19. Bxa6 Qb8 20. Qb5 Rxa6 21. Qxb8 Rxb8 22. Nc3 Bb4 23. Na2 axb2 24. f3 a3 25. Rd3 Bf8 26. Rhd1 Rc8 27. Rc3 Rac6 28. Rxc6 Rxc6 29. Rd3 Nd7 30. Bd8 Rc8 31. Ba5 Ra8 32. Bc7 Nf6 33. Rb3 Ne8 34. Bg3 Ra6 35. Nc3 Bd6 36. Ka2 Bxg3 37. hxg3 Nd6 38. Rxa3 Rxa3+ 39. Kxa3 Nc4+ 40. Ka2 Nxe3 41. Kxb2 Kf8 42. Kc1 Nf5 43. Nxd5 Nxd4 1/2-1/2

[Event "Sheikh Russel GM 2021"]
[Site "Dhaka"]
[Date "2021.10.22"]
[Round "4.6"]
[White "Iskandarov, Misratdin"]
[Black "Sammed Jaykumar, Shete"]
[Result "1-0"]
[ECO "B11"]
[WhiteElo "2552"]
[BlackElo "2413"]
[Annotator "RC"]
[PlyCount "107"]
[EventDate "2021.10.19"]
[EventType "swiss"]
[EventCountry "BAN"]
[SourceTitle "playchess.com"]
[Source "ChessBase"]
[SourceQuality "1"]
[TimeControl "40/5400+30:1800+30"]

1. e4 c6 2. Nc3 d5 3. Nf3 dxe4 4. Nxe4 Nf6 5. Qe2 Nxe4 6. Qxe4 Nd7 7. Bc4 Nf6 8. Ne5 e6 9. Qe2 b5 10. Bb3 Qc7 11. d4 Bd6 12. a4 O-O 13. O-O a5 14. Re1 Ba6 15. Qf3 c5 16. axb5 Bxb5 17. Bg5 Nd7 18. Nxd7 Bxd7 19. dxc5 Bxh2+ 20. Kh1 a4 21. Ba2 Be5 22. Rad1 Bc6 23. Qg4 Bxb2 24. Re3 Bd5 25. c4 Bb7 26. Rh3 g6 27. Qh4 f6 28. Bf4 Qf7 29. c6 Bxc6 30. c5 Ra7 31. Bh6 Re8 32. Rhd3 Rae7 33. Rd6 Bb7 34. c6 Bc8 35. Be3 a3 36. Bc5 g5 37. Qh3 Kg7 38. Bxa3 Bxa3 39. Qxa3 Ra7 40. Qb2 Rae7 41. Qb6 Qh5+ 42. Kg1 Qe2 43. Bb3 Qe5 44. Ba4 Rf8 45. Bb5 Rff7 46. Qb8 Rc7 47. Rd8 Qc5 48. Rxc8 Rxc8 49. Qxc8 Qxb5 50. Qxe6 Qc5 51. g3 Qb6 52. Rd7 Rxd7 53. Qxd7+ Kg6 54. Qb7 1-0

[Event "Sheikh Russel GM 2021"]
[Site "Dhaka"]
[Date "2021.10.23"]
[Round "5.3"]
[White "Mosadeghpour, Masoud"]
[Black "Shyam, Sundar M."]
[Result "1-0"]
[ECO "C45"]
[WhiteElo "2486"]
[BlackElo "2518"]
[Annotator "ChessBase"]
[PlyCount "145"]
[EventDate "2021.10.19"]
[EventType "swiss"]
[EventCountry "BAN"]
[SourceTitle "playchess.com"]
[Source "ChessBase"]
[SourceQuality "1"]
[TimeControl "40/5400+30:1800+30"]

1. e4 e5 2. Nf3 Nc6 3. d4 exd4 4. Nxd4 Nf6 5. Nxc6 bxc6 6. Nd2 d5 7. exd5 cxd5 8. Bb5+ Bd7 9. Bxd7+ Qxd7 10. O-O Be7 11. b3 O-O 12. Bb2 Rfe8 13. Re1 a5 14. a4 Bb4 15. Rxe8+ Rxe8 16. Bxf6 gxf6 17. Nf3 Bc3 18. Rc1 Qf5 19. Qd3 Qxd3 20. cxd3 d4 21. Kf1 Kf8 22. Ng1 Rb8 23. Rb1 Ke7 24. Ne2 Kd6 25. Nc1 Kd5 26. h4 f5 27. Na2 Bd2 28. g3 c5 29. Ke2 Bh6 30. f4 Bf8 31. h5 Re8+ 32. Kf2 Re3 33. Rd1 Re6 34. Nc1 Rh6 35. Rh1 Bd6 36. Rh2 Bc7 37. Kf3 Bd6 38. g4 fxg4+ 39. Kxg4 Rf6 40. Rf2 Bc7 41. f5 h6 42. Rb2 Rb6 43. Ne2 Rb8 44. Nf4+ Kc6 45. Kf3 Kd6 46. Nh3 Re8 47. Nf2 Re3+ 48. Kg2 Kd5 49. Rc2 Bd6 50. f6 Be5 51. Kf1 Rf3 52. Kg2 Rxf6 53. Ne4 Rc6 54. Rf2 Ke6 55. Rc2 Kd5 56. Rf2 f6 57. Kf3 f5 58. Nd2 Bf6 59. Nc4 Re6 60. Kg2 Re1 61. Rxf5+ Ke6 62. Rxc5 Rd1 63. Rxa5 Rxd3 64. Rb5 Rc3 65. a5 d3 66. Kf3 Bg5 67. a6 d2+ 68. Ke2 Rh3 69. Re5+ Kf6 70. Rd5 Rh1 71. Nxd2 Ke6 72. Nf1 Kxd5 73. a7 1-0

[Event "Sheikh Russel GM 2021"]
[Site "Dhaka"]
[Date "2021.10.23"]
[Round "5.7"]
[White "Aditya Mittal"]
[Black "Debashis, Das"]
[Result "1-0"]
[ECO "D90"]
[WhiteElo "2447"]
[BlackElo "2501"]
[Annotator "ChessBase"]
[PlyCount "71"]
[EventDate "2021.10.19"]
[EventType "swiss"]
[EventCountry "BAN"]
[SourceTitle "playchess.com"]
[Source "ChessBase"]
[SourceQuality "1"]
[TimeControl "40/5400+30:1800+30"]

1. d4 Nf6 2. c4 g6 3. Nc3 d5 4. Nf3 Bg7 5. h4 O-O 6. cxd5 Nxd5 7. h5 Bg4 8. hxg6 hxg6 9. Nh2 Bc8 10. e4 Nxc3 11. bxc3 Qd7 12. Nf3 Qc6 13. Qd3 Nd7 14. Bf4 Rd8 15. Ng5 Nb6 16. Qe3 f6 17. Nf3 g5 18. Bg3 Bg4 19. Be2 Qd7 20. Rd1 Rac8 21. c4 Qa4 22. c5 Nc4 23. Qb3 Qxb3 24. axb3 Na5 25. Ra1 b6 26. Ba6 Ra8 27. Bxc7 Rd7 28. cxb6 axb6 29. Bc4+ Nxc4 30. Rxa8+ Kf7 31. bxc4 Rxc7 32. Nd2 b5 33. c5 e5 34. f3 Bd7 35. d5 Rxc5 36. Ke2 1-0

[Event "Sheikh Russel GM 2021"]
[Site "Dhaka"]
[Date "2021.10.23"]
[Round "5.8"]
[White "Sumets, Andrey"]
[Black "Abdisalimov, Abdimalik"]
[Result "1-0"]
[ECO "E94"]
[WhiteElo "2497"]
[BlackElo "2406"]
[Annotator "ChessBase"]
[PlyCount "63"]
[EventDate "2021.10.19"]
[EventType "swiss"]
[EventCountry "BAN"]
[SourceTitle "playchess.com"]
[Source "ChessBase"]
[SourceQuality "1"]
[TimeControl "40/5400+30:1800+30"]

1. d4 Nf6 2. c4 g6 3. Nc3 Bg7 4. e4 O-O 5. Nf3 d6 6. Be2 e5 7. O-O c6 8. Re1 Na6 9. Be3 Re8 10. d5 Ng4 11. Bc1 f5 12. Ng5 f4 13. Bxg4 Qxg5 14. Bxc8 Raxc8 15. Rb1 Qe7 16. dxc6 bxc6 17. b4 Qf7 18. Qd3 Nc7 19. Ba3 f3 20. b5 fxg2 21. bxc6 Ne6 22. Qd5 Nd4 23. Nb5 Nf3+ 24. Kxg2 Nxe1+ 25. Rxe1 Bf8 26. Nxd6 Bxd6 27. Bxd6 Re6 28. c5 Rce8 29. c7 Kg7 30. Re3 Kh6 31. Rf3 Qg8 32. Rf8 1-0

[Event "Sheikh Russel GM 2021"]
[Site "Dhaka"]
[Date "2021.10.23"]
[Round "5.9"]
[White "Karthikeyan, P.."]
[Black "Rasulov, Vugar"]
[Result "1/2-1/2"]
[ECO "E32"]
[WhiteElo "2404"]
[BlackElo "2452"]
[Annotator "ChessBase"]
[PlyCount "40"]
[EventDate "2021.10.19"]
[EventType "swiss"]
[EventCountry "BAN"]
[SourceTitle "playchess.com"]
[Source "ChessBase"]
[SourceQuality "1"]
[TimeControl "40/5400+30:1800+30"]

1. d4 Nf6 2. c4 e6 3. Nc3 Bb4 4. Qc2 O-O 5. a3 Bxc3+ 6. Qxc3 b5 7. cxb5 c6 8. f3 Nd5 9. Qd3 cxb5 10. e4 Ne7 11. Nh3 Nbc6 12. Be3 f5 13. Be2 fxe4 14. fxe4 d5 15. e5 Qa5+ 16. Bd2 Qb6 17. Ng5 Ng6 18. Be3 Qa5+ 19. Bd2 Qb6 20. Be3 Qa5+ 1/2-1/2

[Event "Sheikh Russel GM 2021"]
[Site "Dhaka"]
[Date "2021.10.23"]
[Round "5.13"]
[White "Sammed Jaykumar, Shete"]
[Black "Visakh N R"]
[Result "0-1"]
[ECO "C84"]
[WhiteElo "2413"]
[BlackElo "2515"]
[Annotator "ChessBase"]
[PlyCount "78"]
[EventDate "2021.10.19"]
[EventType "swiss"]
[EventCountry "BAN"]
[SourceTitle "playchess.com"]
[Source "ChessBase"]
[SourceQuality "1"]
[TimeControl "40/5400+30:1800+30"]

1. e4 e5 2. Nf3 Nc6 3. Bb5 a6 4. Ba4 Nf6 5. O-O Be7 6. d3 b5 7. Bb3 d6 8. c3 O-O 9. a4 Bd7 10. Bc2 Re8 11. Re1 h6 12. h3 Bf8 13. Nbd2 Rb8 14. axb5 axb5 15. Nf1 b4 16. Bd2 d5 17. exd5 Nxd5 18. Ng3 bxc3 19. bxc3 Nb6 20. Nh2 Nd5 21. Ng4 Nf6 22. Qf3 Nxg4 23. hxg4 Rb2 24. Rec1 e4 25. Nxe4 Ne5 26. Qg3 Nxg4 27. Bd1 Rxe4 28. dxe4 Nxf2 29. Qxf2 Rxd2 30. Qe3 Be6 31. Bf3 Be7 32. Rd1 Bg5 33. Qc5 Kh7 34. e5 Bf5 35. c4 Qd3 36. Rxd2 Qxd2 37. Kh1 Be3 38. Qe7 Qf2 39. Rd1 f6 0-1